 Dungeon Crawl Stone Soup version 0.29-a0-414-g5075937ec3 (webtiles) character file.

Game seed: 10350543924013056282

6327 avis the Grappler (level 10, 0/96 HPs)
             Began as a Deep Dwarf Transmuter on May 16, 2022.
             Was a Follower of Makhleb.
             Slain by a yak (6 damage)
             ... on level 9 of the Dungeon.
             The game lasted 00:56:04 (9325 turns).

avis the Grappler (Deep Dwarf Transmuter)           Turns: 9325, Time: 00:56:05

Health: 0/96       AC: 10    Str: 17    XL:     10   Next: 64%
Magic:  8/8        EV: 15    Int: 15    God:    Makhleb [*.....]
Gold:   386        SH:  0    Dex: 13    Spells: 5/15 levels left

rFire   . . .      SeeInvis .   a - staff of cold
rCold   + . .      Faith    .   (no shield)
rNeg    . . .      Spirit   .   s - +0 acid dragon scales
rPois   .          Reflect  .   F - +1 helmet
rElec   .          Harm     .   f - +0 cloak
rCorr   +          Rampage  .   (no gloves)
Will    ++...                   O - +0 pair of boots
Stlth   +.........              q - amulet of magic regeneration
HPRegen 0.00/turn               A - ring of willpower
MPRegen 0.51/turn               y - +4 ring of evasion

@: no status effects
A: damage resistance, heal wounds, sense surroundings 2, no regeneration
a: Heal Wounds, Renounce Religion


You were on level 9 of the Dungeon.
You worshipped Makhleb.
Makhleb was aware of your devotion.
You visited 2 branches of the dungeon, and saw 10 of its levels.

You collected 386 gold pieces.

Inventory:

Hand Weapons
 c - a +1 whip of flaming
 w - a +0 hand crossbow
 z - the +3 dagger of Pestilence {freeze, Will++}
   (You found it on level 8 of the Dungeon)

   It freezes those it strikes, dealing additional cold damage.
   It can also slow down cold-blooded creatures.
   Will:      It greatly increases your willpower.
 E - a +5 spear of pain
Missiles
 m - 5 poisoned darts
 I - 4 throwing nets
 K - 4 boomerangs
Armour
 e - a +0 buckler
 f - a +0 cloak (worn)
 i - an orb of mayhem
 s - +0 acid dragon scales (worn)
 v - a +0 robe of positive energy
 F - a +1 helmet (worn)
 O - a +0 pair of boots (worn)
Magical Staves
 a - a staff of cold (weapon)
 b - a staff of earth
Jewellery
 q - an amulet of magic regeneration (around neck)
 y - a +4 ring of evasion (right hand)
 A - a ring of willpower (left hand)
 C - a ring of protection from cold
Wands
 t - a wand of charming (17)
Scrolls
 d - 4 scrolls of teleportation
 j - a scroll of fear
 G - a scroll of vulnerability
 N - a scroll of blinking
Potions
 g - a potion of magic
 k - 3 potions of curing
 l - 2 potions of haste
 n - a potion of heal wounds
 o - 2 potions of brilliance
 p - a potion of degeneration {unknown}
 r - 2 potions of cancellation
 u - 3 potions of invisibility
 x - a potion of flight {unknown}
 B - a potion of mutation {unknown}
 D - a potion of ambrosia {unknown}
 H - a potion of might


   Skills:
 + Level 7.6 Fighting
 - Level 2.1 Dodging
 * Level 11.2 Unarmed Combat
 - Level 3.0 Spellcasting
 - Level 4.0 Transmutations
 - Level 4.0 Ice Magic
 - Level 2.0 Poison Magic


You had 5 spell levels left.
You knew the following spells:

 Your Spells              Type           Power      Damage    Failure   Level
a - Beastly Appendage     Tmut           28%        N/A       5%          1
e - Wereblood             Tmut           14%        N/A       8%          2
p - Spider Form           Tmut/Pois      11%        N/A       24%         3
q - Ice Form              Ice/Tmut       21%        N/A       45%         4

Your spell library contained the following spells:

 Spells                   Type           Power      Damage    Failure   Level
 Passwall                 Tmut/Erth      6%         N/A       19%         2
 Sandblast                Erth           4%         2d4       26%         1
 Stone Arrow              Conj/Erth      4%         3d7       63%         3


Dungeon Overview and Level Annotations

Branches:
Dungeon (9/15)             Temple (1/1) D:7
   Lair: D:8-11         Orc: D:9-12

Altars:
Dithmenos
Elyvilon
Fedhas
Gozag
Hepliaklqana
Kikubaaqudgha
Makhleb
Nemelex Xobeh
Okawaru
Qazlal
Ru
Sif Muna
Trog
Uskayaw
Wu Jian
Xom
Yredelemnul
Zin
The Shining One

Shops:
D:6 *

Annotations:
D:3 3 runed translucent doors, purpskrrrp's ghost, weakling TrDe


Innate Abilities, Weirdness & Mutations

You are resistant to damage.
You can heal yourself by infusing magical energy.
You passively map the area around you.
You do not regenerate.


Message History

You bite the yak!
The yak is almost dead.
You kill the yak!
Makhleb accepts your kill. The yak completely misses you.
You hit the yak.
The yak is poisoned.
The yak is lightly wounded.
The yak barely misses you. The yak gores you.
You hit the yak but do no damage.
The yak is poisoned.
The yak misses you. The yak closely misses you.
You hit the yak.
The yak looks as sick as possible!
The yak is moderately wounded.
The yak gores you!
* * * LOW HITPOINT WARNING * * *
The yak gores you.
* * * LOW HITPOINT WARNING * * *
The yak attacks as you move away! The yak gores you.
* * * LOW HITPOINT WARNING * * *
The yak attacks as you move away! The yak misses you.
The yak attacks as you move away! The yak completely misses you.
Your transformation has ended.
Your staff of cold unmelds from your body.
Your +0 cloak unmelds from your body.
Your +1 helmet unmelds from your body.
Your +0 pair of boots unmelds from your body.
Your +0 acid dragon scales unmelds from your body.
The yak attacks as you move away! The yak misses you.
The yak closely misses you. The yak attacks as you move away!
The yak gores you but does no damage. The yak attacks as you move away!
The yak barely misses you. The yak attacks as you move away!
The yak closely misses you. The yak attacks as you move away!
The yak barely misses you.
Your magical essence is drained by the effort!
You feel much better. The yak gores you!
* * * LOW HITPOINT WARNING * * *
The yak barely misses you.
There is a stone staircase leading up here.
The yak gores you!
* * * LOW HITPOINT WARNING * * *
The yak gores you!
You die...

, #..........# ,
#..........# ,
#..........# *
,#..........#
######..........#
,#...............#
###..............Y#
...............YY.#
...............)@.#
..................#
..................#
............))....#
......_...........#
###...............#
..#...)...........#
..'...............#
###...............#


You could see 3 yaks.

Vanquished Creatures
  3 two-headed ogres (D:8)
  Pikel (D:7)
  Maggie (D:8)
  A hornet (D:7)
  Prince Ribbit (D:6)
  Grinder (D:6)
  2 yaks (D:9)
  A wyvern (D:8)
  A steam dragon (D:8)
  Menkaure (D:6)
  2 water moccasins (D:7)
  A sky beast (D:6)
  2 ice beasts (D:7)
  An ogre (D:5)
  A centaur (D:9)
  2 phantoms
  A kobold brigand (D:8)
  A bullfrog (D:7)
  2 gnoll sergeants
  A necrophage (D:4)
  A scorpion (D:6)
  3 killer bees (D:8)
  3 hounds
  3 jellies
  2 gnoll shamans (D:6)
  5 orc priests
  4 iguanas
  Crazy Yiuf (D:5)
  Ijyb (D:3)
  Natasha (thrice) (D:3)
  7 orc wizards
  A scorpion zombie (D:3)
  Robin (D:4)
  5 adders
  17 gnolls
  A shadow imp (D:8)
  A white imp (D:6)
  3 ufetubi
  A worm (D:5)
  5 dart slugs
  26 orcs
  5 ball pythons
  5 bats
  7 endoplasms
  4 giant cockroaches
  14 goblins
  9 hobgoblins
  3 jackals
  2 quokkas
  A ball python zombie (D:3)
  2 frilled lizards (D:1)
  17 kobolds
  4 rats
194 creatures vanquished.

Notes
Turn   | Place    | Note
-------+----------+-------------------------------------------
     0 | D:1      | avis the Deep Dwarf Transmuter began the quest for the Orb.
     0 | D:1      | Reached XP level 1. HP: 16/16 MP: 3/3
    90 | D:1      | Reached skill level 1 in Fighting
   275 | D:1      | Reached skill level 3 in Unarmed Combat
   278 | D:1      | Reached XP level 2. HP: 17/25 MP: 2/4
   739 | D:2      | Reached XP level 3. HP: 17/31 MP: 4/6
   743 | D:2      | Learned a level 3 spell: Spider Form
   746 | D:2      | Learned a level 2 spell: Wereblood
  1054 | D:2      | Found a faded altar of an unknown god.
  1768 | D:3      | Reached XP level 4. HP: 13/39 MP: 5/7
  1807 | D:3      | Noticed purpskrrrp's ghost (weakling TrDe)
  1933 | D:3      | Found an ancient bone altar of Kikubaaqudgha.
  2079 | D:3      | Noticed Ijyb
  2103 | D:3      | Killed Ijyb
  2104 | D:3      | Reached skill level 4 in Unarmed Combat
  2104 | D:3      | Reached skill level 1 in Poison Magic
  2283 | D:3      | Noticed Natasha
  2300 | D:3      | Killed Natasha
  2301 | D:3      | Reached XP level 5. HP: 24/45 MP: 2/6
  2345 | D:3      | Found a blossoming altar of Fedhas.
  2362 | D:3      | Noticed Natasha
  2371 | D:3      | HP: 1/45 [white imp/puff of frost[Natasha] (11)]
  2372 | D:3      | Killed Natasha
  2440 | D:3      | Found a runed translucent gate.
  2440 | D:3      | Found a runed translucent gate.
  2443 | D:3      | Noticed a phantom
  2447 | D:3      | Found a runed translucent gate.
  2522 | D:3      | Noticed Natasha
  2533 | D:3      | Killed Natasha
  2779 | D:3      | Found a basalt altar of Yredelemnul.
  2929 | D:4      | Reached XP level 6. HP: 38/55 MP: 7/7
  2947 | D:4      | Reached skill level 5 in Unarmed Combat
  3016 | D:4      | Noticed Robin
  3049 | D:4      | Killed Robin
  3788 | D:5      | Entered Level 5 of the Dungeon
  3888 | D:4      | Reached XP level 7. HP: 34/62 MP: 7/7
  4124 | D:5      | Reached skill level 6 in Unarmed Combat
  4130 | D:5      | Learned a level 4 spell: Ice Form
  5220 | D:5      | Found a runed translucent door.
  5224 | D:5      | Noticed Crazy Yiuf
  5229 | D:5      | Killed Crazy Yiuf
  5674 | D:6      | Found Posuab's Lightly-Used Armoury.
  5705 | D:6      | Noticed Prince Ribbit
  5719 | D:6      | Killed Prince Ribbit
  5720 | D:6      | Reached XP level 8. HP: 63/73 MP: 8/8
  5730 | D:6      | Reached skill level 7 in Unarmed Combat
  5916 | D:6      | Noticed Menkaure
  5928 | D:6      | Killed Menkaure
  5929 | D:6      | Reached skill level 1 in Ice Magic
  6067 | D:6      | Reached skill level 5 in Fighting
  6067 | D:6      | HP: 3/74 [poisoned by a scorpion]
  6241 | D:6      | Noticed Grinder
  6257 | D:6      | Paralysed by Grinder for 2 turns
  6280 | D:6      | Killed Grinder
  6329 | D:6      | Reached skill level 8 in Unarmed Combat
  7072 | D:7      | Found a sacrificial altar of Ru.
  7111 | D:7      | Gained mutation: You passively map the area around you.
                  | [Deep Dwarf growth]
  7111 | D:7      | Reached XP level 9. HP: 48/81 MP: 9/9
  7602 | D:7      | Found a staircase to the Ecumenical Temple.
  7633 | Temple   | Entered the Ecumenical Temple
  7854 | Temple   | Became a worshipper of Makhleb the Destroyer
  8028 | D:7      | Noticed Pikel
  8044 | D:7      | Killed Pikel
  8045 | D:7      | Reached skill level 9 in Unarmed Combat
  8195 | D:8      | Noticed a two-headed ogre
  8202 | D:8      | Killed a two-headed ogre
  8313 | D:8      | Found an iron altar of Okawaru.
  8324 | D:8      | Reached skill level 10 in Unarmed Combat
  8412 | D:8      | Reached XP level 10. HP: 65/92 MP: 8/10
  8577 | D:8      | Noticed Maggie
  8595 | D:8      | Killed Maggie
  8665 | D:8      | Reached * piety under Makhleb
  8921 | D:8      | Identified the +3 dagger of Pestilence {freeze, Will++}
  9045 | D:9      | Noticed a two-headed ogre
  9045 | D:9      | Noticed a two-headed ogre
  9057 | D:8      | Killed a two-headed ogre
  9063 | D:8      | Killed a two-headed ogre
  9064 | D:8      | Reached skill level 11 in Unarmed Combat
  9076 | D:9      | Found a glowing golden altar of the Shining One.
  9224 | D:9      | Noticed a two-headed ogre
  9325 | D:9      | Slain by a yak

Illustrated notes

Levels and vault maps discovered:
D:1:      minmay_arrival_shoal_huts, layout_rooms
D:2:      layout_loops_ring, hellmonk_ecumenical_altar_arch_garden,
          solitary_fountain
D:3:      layout_basic, fedhas_altar_1, kiku_gazebo_pond_becter,
          lemuel_zombie_altar_yredelemnul, serial_aquarium,
          aquarium_bridge_straight [aquarium_subvault_bridge,
          aquarium_subvault_wall, aquarium_subvault_bridge,
          aquarium_subvault_window], aquarium_bridge_long_separate
          [aquarium_subvault_wall, aquarium_subvault_bridge,
          aquarium_subvault_bridge, aquarium_subvault_bridge,
          aquarium_subvault_wall, aquarium_subvault_bridge],
          aquarium_window_fake, aquarium_window_fake, aquarium_window_3,
          aquarium_view_2e, aquarium_pool_1, gammafunk_ghost_split, uniq_ijyb,
          uniq_natasha
D:4:      layout_loops_cross, uniq_robin
D:5:      layout_layer_cave, uniq_crazy_yiuf_cottage
D:6:      layout_basic, minmay_shop_damaged, uniq_prince_ribbit1, uniq_menkaure,
          uniq_grinder
D:7:      layout_loops_corners, nicolae_ru_sacrificial_ziggurat,
          temple_fountains, st_stairs_1, minmay_fountain_box, uniq_pikel
D:8:      layout_loops_ring, lemuel_tele_altar, uniq_maggie
D:9:      layout_gridville, overflow_temple_1_default,
          grunt_lair_entry_orc_guard_hut
Temple:   nicolae_temple_figure_eight

Skill      XL: |  1  2  3  4  5  6  7  8  9 10 |
---------------+-------------------------------+-----
Fighting       | 1 2 3 4 5 6 7 |  7.6
Unarmed Combat | 3 4 5 6 8 10 11 | 11.2
Transmutations | 2 3 4 |  4.0
Spellcasting   | 2 3 |  3.0
Poison Magic   | 1 2 |  2.0
Ice Magic      | 2 3 4 |  4.0
Dodging        | |  2.1

Action                   |  1- 3 |  4- 6 |  7- 9 | 10-12 || total
-------------------------+-------+-------+-------+-------++-------
Melee: Unarmed           |   112 |   182 |   258 |    94 ||   646
       Kick              |    26 |    29 |     2 |       ||    57
       Headbutt          |    13 |    15 |     1 |       ||    29
       Punch             |     2 |     5 |     1 |       ||     8
       Staff             |       |       |       |     1 ||     1
 Cast: Beastly Appendage |    34 |    22 |     3 |     1 ||    60
       Spider Form       |       |    12 |    46 |     9 ||    67
       Ice Form          |       |       |     1 |     3 ||     4
 Abil: Heal Wounds       |       |     8 |    12 |     3 ||    23
  Use: Scroll            |       |    11 |     5 |     2 ||    18
 Stab: Sleeping          |       |     1 |     2 |       ||     3
Armor: Robe              |    20 |     5 |     6 |     6 ||    37
       Skin              |       |     2 |    11 |    10 ||    23
       Acid dragon scale |       |       |       |     2 ||     2
Dodge: Dodged            |    66 |   130 |   199 |   113 ||   508

Table legend: (Time is in decaauts)
 A = Elapsed time spent in this place.
 B = Non-inter-level travel time spent in this place.
 C = Inter-level travel time spent in this place.
 D = Time resting spent in this place.
 E = Time spent auto-exploring this place.
 F = Levels seen in this place.
 G = Mean time per level.
                   A        B        C        D        E       F      G
               +--------+--------+--------+--------+--------+-----+--------+
         Total |   9295 |   8368 |    927 |   1177 |   4671 |  10 |  929.5 |
       Dungeon |   9048 |   8148 |    900 |   1177 |   4470 |   9 | 1005.3 |
        Temple |    247 |    220 |     27 |      0 |    201 |   1 |  247.0 |
               +--------+--------+--------+--------+--------+-----+--------+

Top non-repeatable levels by time:
     D:5: 1643 daAuts
     D:6: 1312 daAuts
     D:7: 1100 daAuts
     D:3: 1049 daAuts
     D:4: 1034 daAuts
     D:1: 1019 daAuts
     D:8: 865 daAuts
     D:2: 845 daAuts
  Temple: 247 daAuts
     D:9: 175 daAuts
